 Dungeon Crawl Stone Soup version 0.31.0-12-g77e489cdc1 (webtiles) character file.

Game seed: 2470123838976219686

1132 Heoruswealwe the Thaumaturge (level 8, -6/41 HPs)
             Began as a Deep Elf Conjurer on Feb 20, 2024.
             Killed from afar by an oklob plant (14 damage)
             ... with a splash of acid
             ... on level 5 of the Dungeon.
             The game lasted 00:49:45 (5475 turns).

Heoruswealwe the Thaumaturge (Deep Elf Conjurer)    Turns: 5475, Time: 00:49:45

Health: -6/41      AC:  9    Str:  4    XL:     8   Next: 13%
Magic:  5/23       EV: 12    Int: 26    God:
Gold:   154        SH:  0    Dex: 13    Spells: 10/25 levels left

rFire   . . .        b - +0 war axe
rCold   . . .        (no shield)
rNeg    . . .        c - +0 robe
rPois   +            g - +2 helmet
rElec   .            (no cloak)
rCorr   +            f - +2 pair of gloves
SInv    .            e - +0 pair of boots
Will    .....        (no amulet)
Stlth   ++           k - ring of resist corrosion
HPRegen 0.26/turn    j - ring of poison resistance
MPRegen 0.18/turn

%: no passive effects
@: no status effects
A: no striking features
a: no special abilities


You were on level 5 of the Dungeon.
You visited 1 branch of the dungeon, and saw 5 of its levels.
You also visited: Ossuary.

You collected 154 gold pieces.

Inventory:

Hand Weapons
 a - the +1 long sword "Sadunak" {freeze, rElec}
   (You found it on level 2 of the Dungeon)

   rElec:     It insulates you from electricity.
 b - a +0 war axe (weapon)
Armour
 c - a +0 robe (worn)
 e - a +0 pair of boots (worn)
 f - a +2 pair of gloves (worn)
 g - a +2 helmet (worn)
 l - a +0 robe
 s - a +0 robe
Magical Staves
 m - a staff of death
Jewellery
 j - a ring of poison resistance (right hand)
 k - a ring of resist corrosion (left hand)
 q - a ring of flight
Wands
 o - a wand of flame (10)
Scrolls
 d - a scroll of noise {unknown}
 n - a scroll of torment {unknown}
 r - a scroll of brand weapon {unknown}
 t - 2 scrolls of vulnerability {unknown}
 v - a scroll of poison {unknown}
 y - 2 scrolls of identify {unknown}
 A - a scroll of enchant armour {unknown}
Potions
 h - 3 potions of curing {unknown}
 i - a potion of brilliance {unknown}
 p - a potion of enlightenment {unknown}
 u - a potion of attraction {unknown}
 w - 3 potions of might {unknown}
 x - 2 potions of berserk rage {unknown}
 z - a potion of resistance {unknown}


   Skills:
 - Level 2.4 Dodging
 - Level 2.4 Stealth
 + Level 9.4 Spellcasting
 + Level 8.7 Conjurations


You had 10 spell levels left.
You knew the following spells:

 Your Spells              Type           Power      Damage    Failure   Level
a - Magic Dart            Conj           100%       1d8       1%          1
b - Shock                 Conj/Air       100%       1d9       1%          1
c - Searing Ray           Conj           100%       2d8       1%          2
d - Stone Arrow           Conj/Erth      68%        3d11      2%          3
e - Iskenderun's Mystic   Conj/Tloc      34%        2d8       9%          4
f - Fulminant Prism       Conj/Alch      17%        3d10      9%          4

Your spell library contained the following spells:

 Spells                   Type           Power      Damage    Failure   Level
 Cigotuvi's Dreadful Rot  Necr/Alch/Air  24%        N/A       8%          2
 Fireball                 Conj/Fire      17%        3d9       22%         5
 Animate Armour           Summ/Erth      24%        N/A       43%         4
 Summon Lightning Spire   Summ/Air       12%        N/A       43%         4
 Lehudib's Crystal Spear  Conj/Erth      17%        10d5      100%        8
 Maxwell's Capacitive Co  Air            6%         ∞         100%        8


Dungeon Overview and Level Annotations

Branches:
Dungeon (5/15)            Ossuary (visited)
 Temple: D:4-7

Altars:
Fedhas
Gozag
Makhleb
Wu Jian

Annotations:
D:5 exclusion: oklob plant


Message History

A fulminant prism comes into view.
A nearby plant withers and dies.
A nearby fungus withers and dies. x2
A nearby plant withers and dies. x3
The oklob plant spits acid at you. The splash of acid hits you! You resist.
Your fulminant prism crackles loudly.
Your fulminant prism explodes!
The blast of energy engulfs the oklob plant!
The oklob plant is severely damaged.
The blast of energy engulfs the plant!!
The plant begins to die.
The plant is lightly damaged.
The blast of energy engulfs the fungus!!
The fungus begins to die.
The fungus is lightly damaged.
The blast of energy engulfs the plant!
The plant begins to die.
The plant is lightly damaged.
Casting: Fulminant Prism (quite dangerous; 9% risk of failure)
Confirm with . or Enter, or press ? or * to list all spells.
Aiming: Fulminant Prism (quite dangerous; 9% risk of failure)
Press: ? - help, Dir - move target You conjure a prism of explosive energy!
A fulminant prism comes into view.
Your fulminant prism crackles loudly.
A nearby plant withers and dies.
Your fulminant prism explodes!
The blast of energy engulfs the oklob plant!
The oklob plant is almost destroyed.
Casting: Fulminant Prism (quite dangerous; 9% risk of failure)
Confirm with . or Enter, or press ? or * to list all spells.
Aiming: Fulminant Prism (quite dangerous; 9% risk of failure)
Press: ? - help, Dir - move target You conjure a prism of explosive energy!
A fulminant prism comes into view.
The oklob plant spits acid at you. The splash of acid hits you! You resist.
* * * LOW HITPOINT WARNING * * *
A nearby plant withers and dies.
A nearby fungus withers and dies.
The oklob plant spits acid at you. The splash of acid hits you! You resist.
You die...

######################
#..#.#.#.....P#......#
##..........#......P.#
#....#.#.#..#....*...#
###.####..#.#@#......P
##.##.##........#...P#
#..#.#...~~.~~..PPPP#P
#.#.....~≈~.~~~..##PPP
#......≈≈≈~.~~≈~..PPPP
#.#...~~≈~≈.~≈≈~~.PP P
#.....≈≈≈~...≈≈≈~.PPP
#.....≈≈≈~._.~≈≈~.#.P
#...#.~≈≈≈...≈≈≈~.P


You could see an oklob plant (ally target) and a friendly fulminant prism.

Vanquished Creatures
  Sigmund (D:2)
  A black bear (D:5)
  2 elf zombies (Ossuary)
  A spectral bullfrog (Ossuary)
  A centaur zombie (Ossuary)
  3 human zombies (Ossuary)
  A hound (D:4)
  A sleepcap (D:4)
  2 iguanas (D:4)
  2 crocodile zombies (Ossuary)
  A spectral hound (Ossuary)
  3 mummies (Ossuary)
  10 gnolls
  6 adders
  3 hound simulacra (Ossuary)
  A white imp (D:5)
  A spectral adder (Ossuary)
  A ribbon worm (D:2)
  4 spectral gnolls (Ossuary)
  5 dart slugs
  2 adder simulacra (Ossuary)
  8 orcs
  5 endoplasms
  4 giant cockroaches
  7 goblins
  4 hobgoblins
  8 jackals
  2 quokkas (D:4)
  4 ball pythons
  8 bats
  6 frilled lizards
  A gnoll simulacrum (Ossuary)
  5 gnoll zombies (Ossuary)
  3 jackal simulacra (Ossuary)
  6 kobolds
  6 kobold zombies (Ossuary)
  5 orc zombies (Ossuary)
  11 rats
  3 spectral jackals (Ossuary)
148 creatures vanquished.

Vanquished Creatures (others)
  An elf zombie (Ossuary)
  4 fulminant prisms (D:5)
5 creatures vanquished.

Grand Total: 153 creatures vanquished

Notes
Turn   | Place    | Note
-------+----------+-------------------------------------------
     0 | D:1      | Heoruswealwe the Deep Elf Conjurer began the quest for the
                  | Orb.
     0 | D:1      | Reached XP level 1. HP: 10/10 MP: 6/6
   182 | D:1      | Got the Octavo of the Red-Hot Zephyr
   185 | D:1      | Learned a level 1 spell: Shock
   216 | D:1      | Reached XP level 2. HP: 15/15 MP: 1/8
   219 | D:1      | Learned a level 2 spell: Searing Ray
   470 | D:1      | Reached skill level 4 in Spellcasting
   691 | D:1      | Reached XP level 3. HP: 19/19 MP: 8/10
   843 | D:2      | Reached skill level 5 in Conjurations
  1274 | D:2      | Reached XP level 4. HP: 24/24 MP: 6/12
  1584 | D:2      | Learned a level 4 spell: Fulminant Prism
  1589 | D:2      | Learned a level 4 spell: Iskenderun's Mystic Blast
  1668 | D:2      | Noticed Sigmund
  1676 | D:2      | Killed Sigmund
  1677 | D:2      | Reached skill level 6 in Spellcasting
  1677 | D:2      | Reached XP level 5. HP: 19/28 MP: 3/15
  2035 | D:2      | Identified the +1 long sword "Sadunak" {freeze, rElec}
  2138 | D:2      | Reached XP level 6. HP: 32/32 MP: 13/17
  2252 | D:3      | Found an ornate altar of the Wu Jian Council.
  2342 | D:3      | Learned a level 3 spell: Stone Arrow
  2409 | D:3      | Found a faded altar of an unknown god.
  2714 | D:3      | Found a burning altar of Makhleb.
  2812 | D:4      | Reached skill level 7 in Spellcasting
  3001 | D:4      | Found an opulent altar of Gozag.
  3325 | D:4      | Reached XP level 7. HP: 4/36 MP: 12/20
  3740 | D:5      | Entered Level 5 of the Dungeon
  3776 | D:5      | Found a blossoming altar of Fedhas.
  3945 | D:5      | Found a sand-covered staircase.
  3968 | Ossuary  | Entered an ossuary
  4258 | Ossuary  | Reached skill level 8 in Spellcasting
  4710 | Ossuary  | Reached skill level 9 in Spellcasting
  4822 | Ossuary  | Reached XP level 8. HP: 38/41 MP: 10/23
  5436 | D:5      | Noticed an oklob plant
  5475 | D:5      | Killed from afar by an oklob plant

Illustrated notes

Levels and vault maps discovered:
D:1:      lightli_iron_boxes, layout_loops_ring, minmay_cupped
D:2:      layout_rooms, serial_co_window_serial, co_window_paths_a,
          co_window_of_opportunity_a, co_window_paths_a, co_window_paths_b,
          co_window_paths_a, co_window_corner_a, co_window_broadway_b,
          co_window_cross_3, co_window_2corner, co_window_2corner,
          co_window_corner_ca, co_window_cross_3, co_window_corner_cb,
          co_window_4corner_a, kennysheep_generic_room_5, uniq_sigmund
D:3:      layout_basic, mainiacjoe_overflow_alcove_1,
          nicolae_wu_jian_immortal_techniques,
          ebering_ecumenical_altar_abandoned
D:4:      layout_cave_pools, lemuel_tele_altar
D:5:      layout_loops_ring, mainiacjoe_overflow_catwalk,
          overflow_temple_1_default, tgw_fedhas, enter_ossuary_1,
          minmay_crystal_water

Skill      XL: |  1  2  3  4  5  6  7 |
---------------+----------------------+-----
Spellcasting   | 4 6 7 9 |  9.4
Conjurations   | 5 6 7 8 |  8.7
Dodging        | |  2.4
Stealth        | |  2.4

Action                     |  1- 3 |  4- 6 |  7- 9 || total
---------------------------+-------+-------+-------++-------
  Melee: Unarmed           |     8 |       |       ||     8
         Long sword        |       |       |    91 ||    91
         Punch             |       |       |     4 ||     4
         War axe           |       |       |    80 ||    80
   Cast: Magic Dart        |    76 |    91 |    97 ||   264
         Searing Ray       |     2 |    14 |    11 ||    27
         Iskenderun's Myst |       |     1 |     3 ||     4
         Stone Arrow       |       |       |     7 ||     7
         Fulminant Prism   |       |       |     5 ||     5
    Use: Potion            |       |     1 |       ||     1
 Armour: Robe              |     6 |    34 |    80 ||   120
  Dodge: Dodged            |    14 |    37 |    77 ||   128
